 Dungeon Crawl Stone Soup version 0.21-a0-536-gdbbf329 (webtiles) character file.

647 HowlingMadMurloc the Ducker (level 7, -1/47 HPs)
             Began as an Octopode Transmuter on Dec 14, 2017.
             Was an Initiate of Okawaru.
             Slain by a sky beast (6 damage)
             ... on level 5 of the Dungeon.
             The game lasted 00:12:56 (5928 turns).

HowlingMadMurloc the Ducker (Octopode Transmuter)   Turns: 5928, Time: 00:12:57

Health: -1/47      AC:  1    Str:  9    XL:     7   Next: 52%
Magic:  8/10       EV: 15    Int: 16    God:    Okawaru [......]
Gold:   220        SH:  6    Dex: 14    Spells: 5/11 levels left

rFire    . . .     SeeInvis .     - Unarmed
rCold    . . .     Gourm    .   (no shield)
rNeg     . . .     Faith    .   (helmet restricted)
rPois    .         Spirit   .   w - +6 amulet of reflection
rElec    .         Reflect  +   k - ring of stealth
rCorr    .         Harm     .   (no ring)
MR       .....                  (no ring)
Stlth    +++.......             (no ring)
HPRegen  0.15/turn              (no ring)
MPRegen  0.12/turn              (no ring)
                                (no ring)
                                (no ring)

@: hasted, very quick
A: almost no armour, stealthy swim, amphibious, 8 rings, constrict 8, camouflage
1, gelatinous body 1
a: Renounce Religion


You were on level 5 of the Dungeon.
You worshipped Okawaru.
Okawaru was noncommittal.
You were not hungry.

You visited 1 branch of the dungeon, and saw 5 of its levels.

You collected 220 gold pieces.

Inventory:

Hand Weapons
 q - a +0 blowgun
Missiles
 a - 21 arrows
 d - 106 stones (quivered)
 s - 6 curare-tipped needles
Jewellery
 k - a ring of stealth (left tentacle)
 w - a +6 amulet of reflection (around mantle)
Wands
 h - a wand of flame (16)
 y - a wand of iceblast (9)
Scrolls
 e - 3 scrolls of teleportation
 f - a scroll of blinking {unknown}
 g - 7 scrolls of remove curse
 i - a scroll of random uselessness {unknown}
 j - 3 scrolls of enchant armour {unknown}
 l - 2 scrolls of identify
 m - a scroll of fog {unknown}
 n - a scroll of amnesia {unknown}
 t - 2 scrolls of fear {unknown}
Potions
 p - 2 potions of mutation
 r - 2 potions of brilliance
 u - 2 potions of haste
 v - a potion of flight {unknown}
 x - 2 potions of curing
Books
 b - a book of Changes

   Spells                             Type                      Level
   a - Beastly Appendage              Transmutation                1
   b - Sticks to Snakes               Transmutation                2
   c - Spider Form                    Transmutation/Poison         3
   d - Ice Form                       Ice/Transmutation            4
   e - Blade Hands                    Transmutation                5
Comestibles
 c - 4 bread rations
 o - 4 fruits


   Skills:
 + Level 3.9 Fighting
 + Level 4.4 Dodging
 + Level 4.0 Unarmed Combat
 + Level 2.6 Spellcasting
 - Level 3.7 Transmutations
 - Level 1.4 Poison Magic
 - Level 2.2 Evocations


You had 5 spell levels left.
You knew the following spells:

 Your Spells              Type           Power        Failure   Level  Hunger
a - Beastly Appendage     Tmut           ##....       4%          1    #......
b - Sticks to Snakes      Tmut           ##......     6%          2    ##.....
c - Spider Form           Tmut/Pois      ##........   21%         3    ###....


Dungeon Overview and Level Annotations

Branches:
Dungeon (5/15)             Temple (0/1) D:4

Altars:
Ashenzari
Cheibriados
Elyvilon
Fedhas
Gozag
Makhleb
Okawaru
Qazlal
Sif Muna
Vehumet
Wu Jian
Xom
Zin

Shops:
D:5 }%


Innate Abilities, Weirdness & Mutations

You cannot wear most types of armour.
You are very stealthy in the water. (Stealth+)
You are amphibious.
You can wear up to eight rings at the same time.
You can use your tentacles to constrict eight enemies at once.
Your skin changes colour to match your surroundings (Stealth+).
Your rubbery body absorbs attacks. (AC +1, EV +1)


Message History

You bite the howler monkey!
You kill the howler monkey!
Okawaru accepts your kill. Something closely misses you.
Something barely misses you.
You see here a howler monkey corpse.
You butcher the howler monkey corpse.
Something closely misses you.
You see here 3 chunks of flesh.
You start resting.
Something hits you. Something shocks you.
* * * LOW HITPOINT WARNING * * *
You start resting.
Something hits you but does no damage. Something completely misses you.
Okay, then.
Unknown command.
You feel yourself speed up.
Your transformation has ended.
Something hits you.
* * * LOW HITPOINT WARNING * * *
Something shocks you.
You die...

..................#.
..................#. ..
#.. #...#+#........'.
..##..#####.'∩'........#.
......#....#+#........#.
.....#...............#.
#...##..#########...##
###...##..####.####...##
#.....{@..#...........##
#.....%...#............#
#.........#............#
#.......(.#............#
...........#..........<.#
..#..#..#.###..###....###
# ######### #### ########
#. #.


There were no monsters in sight!

Vanquished Creatures
  An ice beast (D:5)
  Purgy (D:3)
  A howler monkey (D:5)
  A crimson imp (D:5)
  2 orc priests (D:3)
  A hound (D:4)
  A bullfrog skeleton (D:4)
  Terence (D:2)
  3 orc wizards
  8 adders
  A shadow imp (D:5)
  2 adder skeletons (D:4)
  3 worms
  A dart slug (D:2)
  5 leopard geckos
  10 orcs
  2 ball pythons
  8 giant cockroaches
  3 goblins (D:3)
  7 hobgoblins
  2 jackals (D:4)
  4 kobolds
  A quokka (D:3)
  6 bats
  5 frilled lizards
  11 rats
91 creatures vanquished.

Vanquished Creatures (others)
  A frilled lizard (D:2)
  A goblin (D:2)
  A kobold (D:2)
3 creatures vanquished.

Grand Total: 94 creatures vanquished

Notes
Turn   | Place    | Note
-------+----------+-------------------------------------------
     0 | D:1      | HowlingMadMurloc the Octopode Transmuter began the quest for the Orb.
     0 | D:1      | Reached XP level 1. HP: 13/13 MP: 3/3
   348 | D:1      | Reached XP level 2. HP: 15/18 MP: 3/5
   412 | D:1      | You fall through a shaft!
   443 | D:2      | Learned a level 2 spell: Sticks to Snakes
   700 | D:2      | Reached XP level 3. HP: 19/23 MP: 4/6
   718 | D:2      | Learned a level 3 spell: Spider Form
  1506 | D:2      | Found a radiant altar of Vehumet.
  1520 | D:2      | Reached XP level 4. HP: 28/28 MP: 3/7
  1524 | D:2      | Noticed Terence
  1570 | D:2      | Reached skill level 1 in Poison Magic
  1655 | D:2      | Killed Terence
  2089 | D:3      | Reached XP level 5. HP: 11/34 MP: 1/8
  2459 | D:3      | Reached skill level 1 in Evocations
  2957 | D:3      | Noticed Purgy
  2998 | D:3      | Killed Purgy
  2998 | D:3      | Reached XP level 6. HP: 22/41 MP: 1/9
  3275 | D:3      | Found a glowing silver altar of Zin.
  4227 | D:4      | Found an iron altar of Okawaru.
  4235 | D:4      | Found a white marble altar of Elyvilon.
  4236 | D:4      | Found a snail-covered altar of Cheibriados.
  4236 | D:4      | Found a shattered altar of Ashenzari.
  4243 | D:4      | HP: 1/42 [orc/flail of protection (4)]
  4667 | D:4      | Reached XP level 7. HP: 41/46 MP: 1/10
  4714 | D:4      | Found an opulent altar of Gozag.
  4716 | D:4      | Found a burning altar of Makhleb.
  4716 | D:4      | Found a deep blue altar of Sif Muna.
  4718 | D:4      | Found a stormy altar of Qazlal.
  4718 | D:4      | Found a blossoming altar of Fedhas.
  4719 | D:4      | Found an opulent altar of Gozag.
  4719 | D:4      | Found a shimmering altar of Xom.
  4720 | D:4      | Found a burning altar of Makhleb.
  4720 | D:4      | Found an ornate altar of the Wu Jian Council.
  4723 | D:4      | Found a staircase to the Ecumenical Temple.
  4751 | D:4      | Became a worshipper of Warmaster Okawaru
  5114 | D:5      | Entered Level 5 of the Dungeon
  5873 | D:5      | Found Upnuynea's Food Emporium.
  5905 | D:5      | Found Udobba Loklu's Gadget Emporium.
  5928 | D:5      | Slain by a sky beast

Vault maps used:
D:1:      lemuel_arrival_cross, serial_park_tiny_1, due_unseen_surprise
D:2:      fiery_altar_vehumet, eino_tiny_chamber, uniq_terence
D:3:      nicolae_overflow_hidden_temple, uniq_purgy
D:4:      lemuel_round_altar, temple_doors_ab, first_bread
D:5:      serial_shops, nicolae_shop_behind_doors, nicolae_shop_behind_doors,
          nicolae_shop_stone

Skill      XL: |  1  2  3  4  5  6  7 |
---------------+----------------------+-----
Transmutations | 3 |  3.7
Poison Magic   | 1 |  1.4
Fighting       | 2 3 |  3.9
Evocations     | 2 |  2.2
Dodging        | 3 4 |  4.4
Unarmed Combat | 4 |  4.0
Spellcasting   | |  2.6

Action                   |  1- 3 |  4- 6 |  7- 9 || total
-------------------------+-------+-------+-------++-------
Melee: Unarmed           |    51 |   156 |    61 ||   268
       Constrict         |    13 |     3 |     2 ||    18
       Kick              |     6 |       |       ||     6
       Tentacles         |     8 |     2 |     1 ||    11
       Punch             |     2 |       |     1 ||     3
 Fire: Blowgun           |       |     4 |       ||     4
Throw: Stone             |    37 |       |       ||    37
 Cast: Beastly Appendage |    17 |       |       ||    17
       Spider Form       |     3 |    29 |     8 ||    40
       Sticks to Snakes  |       |     2 |     2 ||     4
  Use: Potion            |       |     7 |     1 ||     8
       Scroll            |       |     5 |       ||     5
 Stab: Sleeping          |     5 |     6 |     1 ||    12
  Eat: Chunk             |     2 |     8 |       ||    10
       Bread ration      |       |     2 |     1 ||     3
Armor: Skin              |     2 |    16 |     1 ||    19
Dodge: Dodged            |    25 |   112 |    46 ||   183
Block: Other             |       |    11 |    13 ||    24

Table legend:
 A = Spawn XP
 B = Non-spawn XP
 C = Spawn XP percentage of total XP
 D = Spawn monster count
 E = Non-spawn monster count
 F = Spawn count percentage of total count
 G = Total turns spent on level
                    A         B        C        D         E        F      G
               +---------+---------+-------+---------+---------+-------+---------
         Total |       0 |     925 |   0.0 |       0 |      91 |   0.0 |  5928
               +---------+---------+-------+---------+---------+-------+---------
           D:1 |       0 |      21 |   0.0 |       0 |      14 |   0.0 |   859
           D:2 |       0 |     114 |   0.0 |       0 |      19 |   0.0 |  1407
           D:3 |       0 |     336 |   0.0 |       0 |      35 |   0.0 |  1670
           D:4 |       0 |     207 |   0.0 |       0 |      17 |   0.0 |  1178
           D:5 |       0 |     247 |   0.0 |       0 |       6 |   0.0 |   814
               +---------+---------+-------+---------+---------+-------+---------
